[Event "Titled Tuesday Blitz October 31 Early 2023"]
[White "McBryde, Lamel"]
[Black "Wizard_97"]
[WhiteFideId "2058596"]
[WhiteElo "2421"]
[BlackElo "2630"]
[Result "1/2-1/2"]
[Round "3"]
[TimeControl "180+1"]
[Date "2023.10.31"]
[WhiteClock "0:00:19"]
[BlackClock "0:00:06"]
[Board "99"]

1. Nf3 Nf6 2. b3 e6 3. Bb2 b6 4. d4 Bb7 5. e3 Be7 6. Bd3 d5 7. Nbd2 O-O 8. a3 c5 9. c4 Nc6 10. Qc2 Rc8 11. O-O cxd4 12. exd4 Na5 13. Qd1 dxc4 14. bxc4 Qc7 15. Ne5 Rfd8 16. f4 Nc6 17. Ndf3 Nxe5 18. fxe5 Ne4 19. Qe2 Ng5 20. Nxg5 Bxg5 21. Rae1 Rd7 22. Qh5 Bh6 23. g4 Qd8 24. h4 Rxd4 25. Bxd4 Qxd4+ 26. Rf2 Be3 27. Bxh7+ Kh8 28. Be4+ Kg8 29. Qxf7+ Kh8 30. Qh5+ Bh6 31. Bxb7 Rf8 32. Rf1 Rf4 33. Bf3 Rxf3 34. Kg2 Rxf2+ 35. Rxf2 Qe4+ 36. Kg3 Qe3+ 37. Kg2 Qe4+ 38. Kg3 Qe3+ 39. Kg2 Qe4+ 1/2-1/2


[Site "https://www.chess.com"]

[Event "Titled Tuesday Blitz October 31 Early 2023"]
[White "Bochnicka, Vladimir"]
[Black "Erenberg, Ariel"]
[WhiteFideId "14943450"]
[BlackFideId "2811634"]
[WhiteElo "2418"]
[BlackElo "2625"]
[Result "0-1"]
[Round "3"]
[TimeControl "180+1"]
[Date "2023.10.31"]
[WhiteClock "0:00:00"]
[BlackClock "0:00:54"]
[Board "100"]

1. e4 c5 2. Nf3 Nc6 3. Bb5 g6 4. O-O Bg7 5. Re1 e5 6. Bxc6 dxc6 7. d3 Qc7 8. Nbd2 Nf6 9. a4 O-O 10. Nc4 Nd7 11. a5 Re8 12. h3 Rb8 13. c3 Nf8 14. Be3 Ne6 15. b4 b6 16. axb6 axb6 17. bxc5 bxc5 18. Re2 f5 19. Rea2 f4 20. Bc1 g5 21. Ra7 Rb7 22. Rxb7 Bxb7 23. h4 g4 24. Ng5 Nxg5 25. hxg5 Bc8 26. Qa4 Be6 27. Ba3 Rd8 28. Rd1 Bf8 29. Qa5 Qxa5 30. Nxa5 Ra8 31. Nxc6 Rxa3 32. d4 cxd4 0-1


[Site "https://www.chess.com"]

[Event "Titled Tuesday Blitz October 31 Early 2023"]
[White "Spichkin, Alexander"]
[Black "Jain Kashish Manoj"]
[WhiteFideId "4144074"]
[BlackFideId "35081098"]
[WhiteElo "2415"]
[BlackElo "2624"]
[Result "0-1"]
[Round "3"]
[TimeControl "180+1"]
[Date "2023.10.31"]
[WhiteClock "0:00:59"]
[BlackClock "0:00:12"]
[Board "101"]

1. f4 d5 2. Nf3 Nf6 3. e3 h6 4. b3 Bf5 5. Bb2 e6 6. Be2 Be7 7. O-O O-O 8. Ne5 Bh7 9. Rf3 Nbd7 10. Rg3 Ne4 11. Rxg7+ Kxg7 12. Nxd7+ Bf6 13. Bxf6+ Nxf6 14. Nxf8 Qxf8 15. d3 Qc5 16. Qd2 d4 17. e4 Nxe4 18. dxe4 d3+ 19. Kh1 dxe2 20. Qxe2 Qd4 21. c3 Qxe4 22. Qg4+ Qg6 23. Qf3 Rd8 24. Na3 Qe4 25. Qg4+ Kh8 26. Nc4 Rg8 27. Qh3 Qxf4 28. Re1 Be4 29. Ne3 Kh7 30. Kg1 Rg7 31. Re2 f5 32. Nf1 Rd7 33. Qe3 Qxe3+ 34. Nxe3 Rd3 35. c4 Kg6 36. g4 Kg5 37. gxf5 exf5 38. Kf2 Rc3 39. Nd1 Rf3+ 40. Ke1 Rh3 41. Ne3 Kf4 42. Kd2 c6 43. b4 Ke5 44. a4 Kd4 45. b5 f4 46. Ng4 Rd3+ 47. Kc1 Bf3 48. Re7 Bxg4 49. Rxb7 Rc3+ 50. Kb2 Rxc4 51. bxc6 Rxc6 52. Rxa7 Rf6 53. a5 Be2 54. Rd7+ Kc5 55. a6 Bxa6 56. Kc3 f3 57. Re7 f2 58. Re5+ Kd6 59. Ra5 f1=Q 0-1


[Site "https://www.chess.com"]

[Event "Titled Tuesday Blitz October 31 Early 2023"]
[White "Seemann, Jakub"]
[Black "Srebrnic, Marko"]
[WhiteFideId "21874697"]
[BlackFideId "14603616"]
[WhiteElo "2624"]
[BlackElo "2412"]
[Result "1-0"]
[Round "3"]
[TimeControl "180+1"]
[Date "2023.10.31"]
[WhiteClock "0:01:04"]
[BlackClock "0:00:00"]
[Board "102"]

1. Nf3 Nf6 2. g3 g6 3. Bg2 Bg7 4. O-O O-O 5. d4 d6 6. c4 Nbd7 7. Nc3 a6 8. e4 e5 9. h3 b5 10. cxb5 axb5 11. Re1 c6 12. d5 b4 13. dxc6 bxc3 14. cxd7 cxb2 15. Bxb2 Qxd7 16. a4 Ba6 17. Nd2 Rab8 18. Ba3 Rfd8 19. Nf1 d5 20. exd5 Nxd5 21. Ne3 e4 22. Nxd5 Qxd5 23. Qxd5 Rxd5 24. Bxe4 Rh5 25. Rab1 Rc8 26. Rec1 Re8 27. Rb6 Be2 28. Bg2 Bd4 29. Rd6 Be5 30. Rd2 Ba6 31. Re1 Rc8 32. Rd5 Rf5 33. Rdxe5 Rxe5 34. Rxe5 Rc1+ 35. Bxc1 1-0


[Site "https://www.chess.com"]

[Event "Titled Tuesday Blitz October 31 Early 2023"]
[White "Polaczek, Richard"]
[Black "Kashefi, Amir Hosein"]
[WhiteFideId "200026"]
[BlackFideId "12557935"]
[WhiteElo "2410"]
[BlackElo "2621"]
[Result "1-0"]
[Round "3"]
[TimeControl "180+1"]
[Date "2023.10.31"]
[WhiteClock "0:00:08"]
[BlackClock "0:00:00"]
[Board "103"]

1. d4 d5 2. c4 c6 3. Nc3 Nf6 4. cxd5 cxd5 5. Bf4 Nc6 6. e3 a6 7. Rc1 Bg4 8. f3 Bh5 9. g4 Bg6 10. h4 h6 11. Kf2 e6 12. a3 Bd6 13. Nge2 Rc8 14. Bxd6 Qxd6 15. Nf4 Bh7 16. Be2 Ng8 17. g5 Nge7 18. Qg1 Kd7 19. Na4 Kc7 20. Nc5 Kb8 21. gxh6 gxh6 22. Qg7 Rcf8 23. Nfd3 Bxd3 24. Bxd3 h5 25. Qg3 Qxg3+ 26. Kxg3 Rfg8+ 27. Kf2 Rg7 28. b4 Rhg8 29. Bf1 Nf5 30. Nd7+ Kc7 31. Nf6 Rh8 32. Bd3 Kd6 33. Bxf5 exf5 34. Rc5 Ke6 35. Nxd5 f4 36. Nxf4+ Kd6 37. Rxh5 Rhg8 38. Rf5 Rh7 39. h5 Rhg7 40. h6 Rh7 41. Rf6+ Ke7 42. Nd5+ Kf8 43. Ke2 Ke8 44. Kd3 Nd8 45. Nf4 Nc6 46. d5 Ne7 47. Rb6 Ng6 48. Rxb7 Nxf4+ 49. exf4 Rg2 50. Rb8+ Kd7 51. Ke4 f6 52. Rb7+ Kd6 53. Rxh7 f5+ 54. Kxf5 1-0


[Site "https://www.chess.com"]

[Event "Titled Tuesday Blitz October 31 Early 2023"]
[White "Begunov, Konstantin"]
[Black "kushbhagat2009"]
[WhiteFideId "4118510"]
[WhiteElo "2409"]
[BlackElo "2621"]
[Result "0-1"]
[Round "3"]
[TimeControl "180+1"]
[Date "2023.10.31"]
[WhiteClock "0:00:00"]
[BlackClock "0:00:04"]
[Board "104"]

1. d4 Nf6 2. c4 g6 3. f3 Bg7 4. e4 d6 5. Nc3 O-O 6. Be3 c5 7. dxc5 dxc5 8. Qxd8 Rxd8 9. Bxc5 Nc6 10. Nd5 Nd7 11. Nxe7+ Nxe7 12. Bxe7 Bxb2 13. Bxd8 Bc3+ 14. Kd1 Bxa1 15. Ne2 Ne5 16. Nf4 Bd7 17. Bc7 Ba4+ 18. Kc1 Rc8 19. Nd5 Kg7 20. Kb1 Bd4 21. Be2 Nd7 22. Ba5 b5 23. Rc1 Rb8 24. Bc7 Rb7 25. cxb5 Bxb5 26. Bxb5 Rxb5+ 27. Kc2 Rb2+ 28. Kd3 Be5 29. Rc2 Rb1 30. Bxe5+ Nxe5+ 31. Kd4 Nd7 32. Rc7 Rd1+ 33. Ke3 Nb6 34. Rxa7 Nxd5+ 35. exd5 Rxd5 36. Ra3 Rd1 37. Rd3 Ra1 38. Rd2 h5 39. Kd4 Kf6 40. Kc5 Kf5 41. Rb2 f6 42. Kb5 g5 43. a4 g4 0-1


[Site "https://www.chess.com"]

[Event "Titled Tuesday Blitz October 31 Early 2023"]
[White "Kukreja Sankalp"]
[Black "Pinheiro, Iung Alicio de O."]
[WhiteFideId "45027676"]
[BlackFideId "2104350"]
[WhiteElo "2406"]
[BlackElo "2619"]
[Result "0-1"]
[Round "3"]
[TimeControl "180+1"]
[Date "2023.10.31"]
[WhiteClock "0:00:16"]
[BlackClock "0:00:13"]
[Board "105"]

1. e4 c5 2. Nf3 Nc6 3. d4 cxd4 4. Nxd4 e5 5. Nb5 d6 6. N1c3 a6 7. Na3 Be7 8. Nd5 Nf6 9. Be3 Nxd5 10. exd5 Nb8 11. Bd3 O-O 12. O-O f5 13. f4 Nd7 14. c4 b6 15. Nc2 a5 16. Rc1 Nc5 17. Re1 Bf6 18. b3 Bd7 19. Qd2 Qe8 20. Re2 Qh5 21. Ne1 Rae8 22. Rf2 h6 23. Bb1 exf4 24. Bxf4 Be5 25. Nf3 g5 26. Bxe5 dxe5 27. Re1 e4 28. Nd4 f4 29. Qc3 Qf7 30. Rfe2 e3 31. Qc2 Qg7 32. Nf3 g4 33. Nh4 f3 34. Rxe3 f2+ 35. Qxf2 Rxf2 36. Rxe8+ Bxe8 37. Rxe8+ Rf8 38. Rxf8+ Qxf8 0-1


[Site "https://www.chess.com"]

[Event "Titled Tuesday Blitz October 31 Early 2023"]
[White "Ahmad, Khagan"]
[Black "Xie, Bryan"]
[WhiteFideId "13431552"]
[BlackFideId "30941296"]
[WhiteElo "2611"]
[BlackElo "2403"]
[Result "1-0"]
[Round "3"]
[TimeControl "180+1"]
[Date "2023.10.31"]
[WhiteClock "0:01:00"]
[BlackClock "0:00:11"]
[Board "106"]

1. Nf3 d5 2. d4 Nf6 3. c4 e6 4. g3 Be7 5. Bg2 O-O 6. O-O dxc4 7. Qc2 a6 8. a4 Bd7 9. Bg5 Bc6 10. Rd1 Nbd7 11. Nbd2 b5 12. b3 h6 13. Bxf6 Nxf6 14. axb5 axb5 15. bxc4 b4 16. Nb3 Be4 17. Qb2 Qc8 18. Ne5 Bxg2 19. Kxg2 Qb7+ 20. f3 Bd6 21. Na5 Qc8 22. Nac6 Rxa1 23. Rxa1 Nd7 24. c5 Nxe5 25. dxe5 Bxc5 26. Qc2 Bb6 27. Ne7+ Kh8 28. Nxc8 Rxc8 29. Qc6 1-0


[Site "https://www.chess.com"]

[Event "Titled Tuesday Blitz October 31 Early 2023"]
[White "ArtemDyachuk"]
[Black "Luong Phuong Hanh"]
[BlackFideId "12401013"]
[WhiteElo "2607"]
[BlackElo "2403"]
[Result "0-1"]
[Round "3"]
[TimeControl "180+1"]
[Date "2023.10.31"]
[WhiteClock "0:00:16"]
[BlackClock "0:00:14"]
[Board "107"]

1. e4 c5 2. Nf3 e6 3. d4 cxd4 4. Nxd4 a6 5. Bd3 Bc5 6. Nb3 Be7 7. c4 d6 8. Nc3 Nf6 9. O-O O-O 10. f3 Nbd7 11. Be3 b6 12. Rc1 Bb7 13. Bb1 Rc8 14. Qe2 Ne5 15. Na4 Nfd7 16. f4 Nc6 17. Nc3 Nc5 18. Nd4 Qc7 19. f5 Ne5 20. b4 Ncd7 21. fxe6 fxe6 22. Nxe6 Rxf1+ 23. Qxf1 Qxc4 24. Qf5 Qxb4 25. Rf1 Qxc3 26. Bd4 Qd2 27. Ba1 Rc1 28. Nxg7 Qe3+ 29. Kh1 Rxf1+ 30. Qxf1 Kxg7 31. h3 Bh4 32. g3 Qxg3 33. Qf5 Qe1+ 34. Kg2 Qe2+ 35. Kh1 Nf6 36. Qe6 Bxe4+ 37. Bxe4 Qxe4+ 38. Kg1 Qe3+ 39. Kg2 Qf2+ 40. Kh1 Qf3+ 41. Kh2 Bg3+ 42. Kg1 Qf2+ 43. Kh1 Qh2# 0-1


[Site "https://www.chess.com"]

[Event "Titled Tuesday Blitz October 31 Early 2023"]
[White "Ziatdinov, Raset"]
[Black "Dixit, Nikhil"]
[WhiteFideId "2015323"]
[BlackFideId "5059534"]
[WhiteElo "2403"]
[BlackElo "2607"]
[Result "0-1"]
[Round "3"]
[TimeControl "180+1"]
[Date "2023.10.31"]
[WhiteClock "0:00:07"]
[BlackClock "0:01:31"]
[Board "108"]

1. e4 a6 2. d4 b5 3. a4 b4 4. Bd2 Bb7 5. Bd3 e6 6. c3 Nf6 7. Qe2 c5 8. cxb4 cxd4 9. Nf3 Be7 10. Nxd4 Qb6 11. Nc2 Nc6 12. b5 axb5 13. Bxb5 O-O 14. Nc3 Na5 15. O-O Nb3 16. Rad1 Nc5 17. Be3 Qc7 18. f3 d5 19. exd5 Nxd5 20. Nxd5 Bxd5 21. Nd4 Nxa4 22. Bxa4 Rxa4 23. Qf2 Bf6 24. Rd2 Rc4 25. Rfd1 Rc8 26. h3 Rc1 27. Qe2 Rxd1+ 28. Rxd1 h5 29. Qf2 h4 30. f4 Qb7 31. Nf3 Bxf3 32. Qxf3 Qxf3 33. gxf3 Bxb2 34. Bf2 Bf6 35. Re1 Kh8 36. Re4 Kh7 37. Ra4 Kg6 38. f5+ Kxf5 39. Bxh4 Bxh4 40. Rxh4 Rc2 41. Kf1 g5 42. Rg4 Rh2 43. Rg3 Kf4 44. Rg4+ Kxf3 45. Rxg5 Rh1+ 46. Rg1 Rxg1+ 47. Kxg1 Kg3 0-1


[Site "https://www.chess.com"]

[Event "Titled Tuesday Blitz October 31 Early 2023"]
[White "FoxOnTheRun97"]
[Black "La Villa Rivas, Marlon Javier"]
[BlackFideId "3519546"]
[WhiteElo "2606"]
[BlackElo "2390"]
[Result "0-1"]
[Round "3"]
[TimeControl "180+1"]
[Date "2023.10.31"]
[WhiteClock "0:00:04"]
[BlackClock "0:00:47"]
[Board "109"]

1. d4 Nf6 2. Bg5 Ne4 3. h4 Nxg5 4. hxg5 e6 5. f4 c5 6. c3 d5 7. Nf3 Nc6 8. e3 cxd4 9. exd4 Bd6 10. g3 Qb6 11. Qb3 Qc7 12. Nbd2 Bd7 13. Bd3 g6 14. O-O-O Na5 15. Qc2 b5 16. Kb1 Nc4 17. Rde1 Rc8 18. Ne5 Bxe5 19. dxe5 Qc5 20. Nb3 Qb6 21. Bxc4 Rxc4 22. Qd2 a5 23. Qe3 Qc7 24. Nd2 Rc6 25. Rh2 b4 26. cxb4 axb4 27. Nb3 Ke7 28. Rc1 Rc8 29. Rhh1 Rc4 30. Qd2 Qb6 31. Rhd1 Ba4 32. Rxc4 Rxc4 33. Rc1 Qc6 34. Rxc4 Qxc4 35. Nc1 b3 36. axb3 Bxb3 37. Qc3 Qxc3 38. bxc3 Bc4 39. Kc2 Kd7 40. Nb3 Bxb3+ 41. Kxb3 Kc6 42. c4 Kc5 43. cxd5 Kxd5 44. Kc3 Ke4 45. Kc4 Kf3 46. Kc5 Kxg3 47. Kd6 Kxf4 48. Ke7 Kxe5 49. Kxf7 Kf5 50. Kg7 e5 51. Kxh7 e4 0-1


[Site "https://www.chess.com"]

[Event "Titled Tuesday Blitz October 31 Early 2023"]
[White "Ergali_Suleimen"]
[Black "Marcziter, Dmitrii"]
[BlackFideId "13900765"]
[WhiteElo "2603"]
[BlackElo "2386"]
[Result "1-0"]
[Round "3"]
[TimeControl "180+1"]
[Date "2023.10.31"]
[WhiteClock "0:00:06"]
[BlackClock "0:00:00"]
[Board "110"]

1. e4 c5 2. Nf3 a6 3. c4 e6 4. Nc3 Qc7 5. d4 cxd4 6. Nxd4 Nf6 7. a3 b6 8. Be3 Bb7 9. f3 Nc6 10. Rc1 Ne5 11. Be2 Ng6 12. O-O h5 13. Qe1 h4 14. Qf2 Bd6 15. f4 Nxe4 16. Nxe4 Bxe4 17. b4 f5 18. c5 bxc5 19. bxc5 Be7 20. c6 Bd5 21. Bf3 O-O 22. Bxd5 exd5 23. Qa2 Qd6 24. cxd7 Qxd7 25. Rc6 Rf6 26. Rfc1 Rxc6 27. Nxc6 Bf6 28. Nb4 Ne7 29. Rd1 Rd8 30. Nxa6 Qe6 31. Qe2 d4 32. Nc5 Qd5 33. Qc2 Rc8 34. Bf2 Rxc5 35. Qd2 Rc4 36. Qb2 d3 37. Qb8+ Rc8 38. Qb6 d2 39. Qe3 Rd8 40. a4 Bd4 41. Qxe7 Bxf2+ 42. Kxf2 Rd7 43. Qe3 1-0


[Site "https://www.chess.com"]

[Event "Titled Tuesday Blitz October 31 Early 2023"]
[White "Haitin, Ilja"]
[Black "NelsonLinda"]
[WhiteFideId "4501764"]
[WhiteElo "2390"]
[BlackElo "2596"]
[Result "0-1"]
[Round "3"]
[TimeControl "180+1"]
[Date "2023.10.31"]
[WhiteClock "0:00:00"]
[BlackClock "0:00:08"]
[Board "111"]

1. Nf3 Nf6 2. g3 g6 3. b3 Bg7 4. Bb2 c5 5. c4 b6 6. Bg2 Bb7 7. O-O O-O 8. Nc3 Ne4 9. Qc2 Nxc3 10. Bxc3 Bxc3 11. Qxc3 d6 12. h4 h5 13. d4 cxd4 14. Qxd4 Nd7 15. Qf4 Bxf3 16. Bxf3 Rc8 17. Qh6 Nf6 18. Rad1 Qd7 19. Kg2 Qf5 20. Rd4 b5 21. Rf4 Qe5 22. Rd1 bxc4 23. bxc4 Rc5 24. Rd3 Re8 25. Re3 Qb2 26. a4 a5 27. Rd3 Nd7 28. Re3 Qg7 29. Qxg7+ Kxg7 30. Rb3 Ne5 31. Rb5 Rec8 32. Rd4 Nxc4 33. Rd3 Ne5 34. Re3 Rxb5 35. axb5 Rb8 36. Rb3 a4 37. Rb1 a3 38. Ra1 Nc4 39. Rc1 a2 40. Ra1 Rxb5 41. Rxa2 Ne5 42. Ra7 Kf6 43. e3 Nxf3 44. Kxf3 d5 45. Ra6+ Kf5 46. Ra4 Rb7 47. Rf4+ Ke6 48. Ra4 Rd7 49. Ra6+ Rd6 50. Ra7 Rd7 51. Ra6+ Ke5 52. Ra5 e6 53. Rb5 f6 54. Ra5 Rg7 55. Ra6 g5 56. Ke2 gxh4 57. gxh4 Rg4 58. f4+ Kf5 59. Ra8 Rxh4 60. Rh8 Rh2+ 61. Kf3 Rh3+ 62. Kf2 d4 63. exd4 Kxf4 64. Rh6 Kf5 65. Rh8 Rh4 66. Ke3 Re4+ 67. Kd3 Rh4 68. Rh6 Kg5 69. Rh8 Rh3+ 70. Ke4 Kg6 71. Kf4 Rh4+ 72. Ke3 Rh1 73. Rg8+ Kf5 74. Rh8 h4 75. Rh5+ Kg6 76. Rh8 h3 77. Kf2 h2 78. Kg2 Rd1 0-1


[Site "https://www.chess.com"]

[Event "Titled Tuesday Blitz October 31 Early 2023"]
[White "Dmitrenko, Viktor"]
[Black "Manukyan, Sargis A."]
[WhiteFideId "14110270"]
[BlackFideId "13303970"]
[WhiteElo "2364"]
[BlackElo "2594"]
[Result "0-1"]
[Round "3"]
[TimeControl "180+1"]
[Date "2023.10.31"]
[WhiteClock "0:00:00"]
[BlackClock "0:01:44"]
[Board "112"]

1. e4 c5 2. Nf3 d6 3. Bb5+ Bd7 4. Bxd7+ Qxd7 5. O-O Nf6 6. d3 e6 7. a4 Nc6 8. Bf4 Be7 9. h3 O-O 10. c3 d5 11. e5 Ne8 12. Re1 f6 13. exf6 Rxf6 14. Bg3 Nd6 15. Nbd2 Raf8 16. Qe2 Nf5 17. Bh2 h6 18. Nf1 b6 19. Ne3 Nxe3 20. Qxe3 Bd6 21. Bxd6 Qxd6 22. Re2 Rxf3 23. gxf3 e5 24. Kf1 Qe6 25. Ke1 Qxh3 26. Kd2 Rxf3 27. Rg1 Rxe3 28. fxe3 c4 29. Reg2 g5 30. dxc4 d4 31. exd4 exd4 32. Rf2 dxc3+ 33. bxc3 Ne5 34. Rgf1 Nxc4+ 35. Kc2 Ne3+ 36. Kb3 Nxf1 0-1


[Site "https://www.chess.com"]

[Event "Titled Tuesday Blitz October 31 Early 2023"]
[White "Bobomurodova, Maftuna"]
[Black "Di Nicolantonio, Lucas"]
[WhiteFideId "14207400"]
[BlackFideId "680460"]
[WhiteElo "2350"]
[BlackElo "2590"]
[Result "0-1"]
[Round "3"]
[TimeControl "180+1"]
[Date "2023.10.31"]
[WhiteClock "0:00:35"]
[BlackClock "0:02:01"]
[Board "113"]

1. e4 c6 2. d4 d5 3. Nd2 dxe4 4. Nxe4 Nf6 5. Nxf6+ exf6 6. c3 Bd6 7. Bd3 O-O 8. Qc2 Re8+ 9. Ne2 h5 10. Be3 Nd7 11. O-O-O b5 12. Ng3 h4 13. Nf5 Nb6 14. Nxh4 Nd5 15. Rhe1 Bg4 16. Rd2 Qa5 17. Kb1 b4 18. c4 Nc3+ 19. bxc3 bxc3 20. Rc1 Rab8+ 21. Ka1 Rxe3 22. Re2 Rb2 0-1


[Site "https://www.chess.com"]

[Event "Titled Tuesday Blitz October 31 Early 2023"]
[White "Jia, Haoxiang"]
[Black "Ovezdurdyyeva, Jemal"]
[WhiteFideId "8602999"]
[BlackFideId "14001888"]
[WhiteElo "2588"]
[BlackElo "2361"]
[Result "1-0"]
[Round "3"]
[TimeControl "180+1"]
[Date "2023.10.31"]
[WhiteClock "0:00:53"]
[BlackClock "0:01:04"]
[Board "114"]

1. d4 Nf6 2. Bf4 e6 3. e3 b6 4. Nf3 Bb7 5. Nbd2 Be7 6. Bd3 O-O 7. O-O c5 8. c3 d5 9. Ne5 Nc6 10. Qf3 cxd4 11. exd4 Nxe5 12. Bxe5 Ne8 13. Qh3 g6 14. Rae1 Bc8 15. Qh6 f6 16. Bg3 f5 17. Nf3 Bf6 18. Be5 Nd6 19. Ng5 Qe7 20. Bxd6 Bxg5 21. Bxe7 Bxh6 22. Bxf8 Bxf8 23. c4 Kf7 24. cxd5 exd5 25. Re5 Bb7 26. Rc1 Rb8 27. Rc7+ Kf6 28. Rxh7 Bd6 29. Re3 Rc8 30. Rxb7 1-0


[Site "https://www.chess.com"]

[Event "Titled Tuesday Blitz October 31 Early 2023"]
[White "WynnZawHtun82"]
[Black "Dzida, Kamil"]
[BlackFideId "21828652"]
[WhiteElo "2588"]
[BlackElo "2341"]
[Result "1-0"]
[Round "3"]
[TimeControl "180+1"]
[Date "2023.10.31"]
[WhiteClock "0:00:32"]
[BlackClock "0:01:23"]
[Board "115"]

1. Nf3 d5 2. g3 Nf6 3. Bg2 e6 4. O-O Be7 5. d3 O-O 6. Nbd2 c5 7. e4 Nc6 8. e5 Nd7 9. Re1 Qc7 10. Qe2 b5 11. Nf1 a5 12. Bf4 b4 13. h4 Ba6 14. Ne3 Nd4 15. Nxd4 cxd4 16. Nxd5 exd5 17. e6 Bd6 18. Bxd6 Qxd6 19. exd7 Qxd7 20. Qe5 Rac8 21. Rac1 Rc5 22. Qxd4 Rfc8 23. Re2 Qa4 24. b3 Qc6 25. Rce1 h6 26. Re5 Rxc2 27. Bxd5 Qf6 28. Re8+ Rxe8 29. Rxe8+ Kh7 30. Be4+ 1-0


[Site "https://www.chess.com"]

[Event "Titled Tuesday Blitz October 31 Early 2023"]
[White "Hoang, Thi Bao Tram"]
[Black "Manon-og, Ramon Jr."]
[WhiteFideId "12401102"]
[BlackFideId "5200776"]
[WhiteElo "2588"]
[BlackElo "2337"]
[Result "1-0"]
[Round "3"]
[TimeControl "180+1"]
[Date "2023.10.31"]
[WhiteClock "0:00:53"]
[BlackClock "0:00:00"]
[Board "116"]

1. d4 Nf6 2. c4 g6 3. g3 d5 4. Bg2 Bg7 5. Nf3 O-O 6. cxd5 Nxd5 7. O-O Nc6 8. e3 Bg4 9. h3 Bf5 10. Nc3 Nxc3 11. bxc3 Qd7 12. Kh2 Be4 13. Ne5 Nxe5 14. Bxe4 Nc4 15. Bxb7 Rab8 16. Bg2 Rfd8 17. Qe2 Qa4 18. e4 c5 19. Bg5 cxd4 20. cxd4 Rxd4 21. Bxe7 Rd2 22. Qf3 Bxa1 23. Rxa1 Qd7 24. Bf6 Qe6 25. Rc1 Rxa2 26. Qf4 Re8 27. h4 Re2 28. Kg1 Ne5 29. h5 Nd3 30. Qh4 Nxc1 31. e5 1-0


[Site "https://www.chess.com"]

[Event "Titled Tuesday Blitz October 31 Early 2023"]
[White "Federzoni, Enzo"]
[Black "Aaditya Dhingra"]
[WhiteFideId "2173301"]
[BlackFideId "25678191"]
[WhiteElo "2329"]
[BlackElo "2585"]
[Result "1-0"]
[Round "3"]
[TimeControl "180+1"]
[Date "2023.10.31"]
[WhiteClock "0:01:46"]
[BlackClock "0:00:12"]
[Board "117"]

1. d4 Nf6 2. Nc3 d5 3. Bf4 c5 4. e3 cxd4 5. Nb5 Qa5+ 6. c3 dxc3 7. b4 Qxb4 8. Nc7+ Kd8 9. Nxa8 Nc6 10. Qb3 Qc5 11. Nf3 e6 12. Be2 Nh5 13. O-O Nxf4 14. exf4 Bd6 15. Rac1 d4 16. Rfd1 Ke7 17. f5 e5 18. Ng5 Nd8 19. Ne4 Qc6 20. Bf3 Bxf5 21. Nxc3 1-0


[Site "https://www.chess.com"]

[Event "Titled Tuesday Blitz October 31 Early 2023"]
[White "Omelja, Artem"]
[Black "Mesa Cruz, Juan Carlos"]
[WhiteFideId "14119846"]
[BlackFideId "6423400"]
[WhiteElo "2580"]
[BlackElo "2329"]
[Result "1-0"]
[Round "3"]
[TimeControl "180+1"]
[Date "2023.10.31"]
[WhiteClock "0:02:12"]
[BlackClock "0:01:22"]
[Board "118"]

1. e4 c5 2. Nf3 d6 3. d4 cxd4 4. Nxd4 Nf6 5. Nc3 a6 6. Be2 e5 7. Nb3 Be7 8. Be3 O-O 9. g4 Be6 10. g5 Ne8 11. h4 Nd7 12. Bg4 Nb6 13. Bxe6 fxe6 14. Qg4 Kh8 15. Qxe6 Rc8 16. O-O-O Nc4 17. Nd5 Nxe3 18. fxe3 Rf2 19. Rd2 Rxd2 20. Nxd2 Bf8 21. Rf1 Nc7 22. Qf7 Nxd5 23. exd5 Qe8 24. Qxe8 Rxe8 25. Rf7 Rb8 26. Ne4 Kg8 27. Rd7 h6 28. gxh6 gxh6 29. Nf6+ 1-0


[Site "https://www.chess.com"]

[Event "Titled Tuesday Blitz October 31 Early 2023"]
[White "chessculator16"]
[Black "Gurevich, Dmitry"]
[BlackFideId "2000407"]
[WhiteElo "2326"]
[BlackElo "2578"]
[Result "1-0"]
[Round "3"]
[TimeControl "180+1"]
[Date "2023.10.31"]
[WhiteClock "0:01:42"]
[BlackClock "0:00:01"]
[Board "119"]

1. d4 d5 2. c4 e6 3. Nc3 a6 4. cxd5 exd5 5. Bf4 Nf6 6. e3 Bd6 7. Bg3 O-O 8. Bd3 c5 9. dxc5 Bxc5 10. Nf3 Nc6 11. O-O Bg4 12. h3 Bh5 13. Be2 Bg6 14. Rc1 d4 15. exd4 Nxd4 16. Nxd4 Bxd4 17. Qb3 Qb6 18. Qxb6 Bxb6 19. Na4 Bd4 20. Rfd1 Rad8 21. Bh4 b5 22. Nc3 Rd7 23. Bxf6 gxf6 24. Bg4 f5 25. Bf3 Rfd8 26. b3 Kg7 27. Ne2 Bb2 28. Rxd7 Rxd7 29. Rc6 a5 30. Rc5 b4 31. Rxa5 Rd2 32. Rb5 Ba3 33. Nf4 Rxa2 34. h4 h6 35. h5 Bh7 36. Rb7 Rb2 37. Bd5 Bg8 38. Ne6+ Kf6 39. Nc5 Rd2 40. Bf3 Rc2 41. Rb6+ Kg7 42. Rb5 Rc3 43. Bd5 Bc1 44. Bc4 Bf4 45. g3 Bd6 46. Nb7 Be7 47. Rxf5 Bf6 48. Nd6 Bd4 49. Ne8+ Kf8 50. Nc7 Rc2 51. Ne6+ Ke7 52. Nxd4 1-0


[Site "https://www.chess.com"]

[Event "Titled Tuesday Blitz October 31 Early 2023"]
[White "Gontcharov, Vladislav"]
[Black "Novikova, Anna"]
[WhiteFideId "4123492"]
[BlackFideId "4146794"]
[WhiteElo "2571"]
[BlackElo "2321"]
[Result "1-0"]
[Round "3"]
[TimeControl "180+1"]
[Date "2023.10.31"]
[WhiteClock "0:00:16"]
[BlackClock "0:00:07"]
[Board "120"]

1. d4 Nf6 2. c4 g6 3. Nc3 Bg7 4. Nf3 O-O 5. Bg5 d6 6. e3 Nbd7 7. Be2 e5 8. Qc2 Re8 9. Rd1 h6 10. Bh4 g5 11. dxe5 Nxe5 12. Nxe5 Rxe5 13. Bg3 Re8 14. O-O a5 15. Bf3 Nd7 16. Nb5 Ne5 17. c5 Nxf3+ 18. gxf3 Bh3 19. cxd6 cxd6 20. Rxd6 Qc8 21. Qxc8 Raxc8 22. Rfd1 Bxb2 23. Rxh6 g4 24. Nd6 Red8 25. Rb1 Rc2 26. fxg4 Bxg4 27. Rh4 Rxd6 28. Bxd6 Bf5 29. Rf4 Bg6 30. a4 Rc6 31. Rd1 Bc2 32. Rd2 Bc1 33. Rd5 Bb3 34. Rg5+ Kh7 35. Rh4# 1-0


[Site "https://www.chess.com"]

[Event "Titled Tuesday Blitz October 31 Early 2023"]
[White "Andreev, Konstantin"]
[Black "Harriott, Tyrell"]
[WhiteFideId "24239305"]
[BlackFideId "2086484"]
[WhiteElo "2566"]
[BlackElo "2320"]
[Result "1-0"]
[Round "3"]
[TimeControl "180+1"]
[Date "2023.10.31"]
[WhiteClock "0:01:42"]
[BlackClock "0:00:01"]
[Board "121"]

1. e4 d5 2. exd5 Nf6 3. d4 Qxd5 4. Nf3 Bg4 5. Be2 Nc6 6. Nc3 Qh5 7. d5 O-O-O 8. Ng5 h6 9. Bxg4+ Nxg4 10. Nxf7 e6 11. Nxd8 Nxd8 12. h3 Qe5+ 13. Qe2 Qxe2+ 14. Kxe2 Nf6 15. dxe6 Nxe6 16. Be3 Bd6 17. Rad1 Re8 18. Kf3 g5 19. g3 b6 20. Nd5 Nd7 21. Rhe1 Rf8+ 22. Kg2 Ng7 23. Bd4 Nf5 24. Bc3 Nc5 25. Ne3 Ne7 26. Nc4 Nf5 27. Nxd6+ Nxd6 28. Bb4 Ncb7 29. Re6 h5 30. Re5 Rg8 31. Rde1 g4 32. Rxh5 gxh3+ 33. Kxh3 c5 34. Bc3 Kc7 35. Re7+ Kc6 36. Rh6 Kd5 37. Re5+ Kc6 38. b3 Kc7 39. Ree6 Kc6 40. Be5 Rd8 41. Bxd6 Nxd6 42. g4 Kc7 43. Rxd6 Rxd6 44. Rxd6 Kxd6 45. g5 Ke6 46. Kg4 Kf7 47. f4 Kg6 48. f5+ Kg7 49. f6+ Kg6 50. Kf4 b5 51. Ke5 Kxg5 52. f7 Kg4 53. f8=Q Kg3 54. Qxc5 a6 55. Qb6 Kf3 56. Qxa6 Ke2 57. Qxb5+ Kd1 58. Qc4 Kc1 59. a4 Kb1 60. a5 Ka2 61. a6 Kb2 62. a7 Kb1 63. a8=Q Kb2 64. Qaa4 Kb1 65. Qab4 Kc1 66. c3 Kb1 67. Qe2 Kc1 68. Qh4 1-0


[Site "https://www.chess.com"]